 Dungeon Crawl Stone Soup version 0.25-a0-930-g9f5dfa9815 (webtiles) character file.

Game seed: 6149113581840818246, levelgen mode: classic

29 Amnesiac the Digger (level 3, -3/26 HPs)
             Began as a Ghoul Earth Elementalist on May 4, 2020.
             Slain by a sky beast (6 damage)
             ... on level 3 of the Dungeon.
             The game lasted 00:02:26 (653 turns).

Amnesiac the Digger (Ghoul Earth Elementalist)       Turns: 653, Time: 00:02:27

Health: -3/26      AC:  2    Str: 11    XL:     3   Next: 16%
Magic:  1/5        EV: 12    Int: 11    God:
Gold:   17         SH:  0    Dex:  9    Spells: 3/6 levels left

rFire    . . .     SeeInvis .   (no weapon)
rCold    + + .     Gourm    .   (no shield)
rNeg     + + +     Faith    .   c - +0 robe
rPois    ∞         Spirit   .   (no helmet)
rElec    .         Reflect  .   (no cloak)
rCorr    .         Harm     .   (no gloves)
MR       .....                  (no boots)
Stlth    ++........             (no amulet)
HPRegen  0.00/turn              e - ring of protection from cold
MPRegen  0.09/turn              (no ring)

@: rotting
A: rotting body, claws 1, carnivore, cold resistance 1, negative energy
resistance 3, inhibited regeneration, torment resistance, unbreathing
a: no special abilities


You were on level 3 of the Dungeon.
You were not hungry.

You visited 1 branch of the dungeon, and saw 4 of its levels.

You collected 17 gold pieces.

Inventory:

Missiles
 b - 58 stones (quivered)
Armour
 c - a +0 robe (worn)
Jewellery
 e - a ring of protection from cold (left claw)
Scrolls
 a - a scroll of identify {!r, unknown}
Potions
 g - a potion of stabbing {!q, unknown}
Comestibles
 d - a ration


   Skills:
 - Level 1.7 Dodging
 - Level 2.1 Stealth
 + Level 2.2 Spellcasting
 - Level 0.8 Transmutations
 * Level 4.2 Earth Magic


You had 3 spell levels left.
You knew the following spells:

 Your Spells              Type           Power        Failure   Level  Hunger
a - Sandblast             Erth           ##....       4%          1    ##.....
b - Passwall              Tmut/Erth      #.......     16%         2    ###....

Your spell library contained the following spells:

 Spells                   Type           Power        Failure   Level  Hunger
 Stone Arrow              Conj/Erth      #.....       34%         3    ####...
 Petrify                  Tmut/Erth      #.......     69%         4    #####..
 Lee's Rapid Deconstruct  Erth           ##........   80%         5    ######.


Dungeon Overview and Level Annotations

Branches:
Dungeon (4/15)
 Temple: D:4-7

Altars:


Innate Abilities, Weirdness & Mutations

Your body is rotting away.
You thrive on raw meat.
You are immune to poison.
You have sharp fingernails.
You are carnivorous and can eat meat at any time.
Your flesh is cold resistant. (rC+)
You are immune to negative energy. (rN+++)
You do not regenerate when monsters are visible.
You are immune to unholy pain and torment.
You can survive without breathing.


Message History

The goblin is severely wounded.
A sky beast comes into view.
The goblin hits you with a +0 club.
You barely miss the goblin.
The goblin is severely wounded.
The goblin misses you.
You closely miss the goblin.
The goblin is heavily wounded.
The goblin hits you with a +0 club.
You scratch the goblin.
You kill the goblin!
Okay, then.
You butcher the goblin corpse.
The goblin completely misses you.
Things that are here:
a +0 dagger; a chunk of flesh; a goblin skeleton
Okay, then.
Eat a chunk of flesh? (ye/n/q)
You eat the chunk of flesh.
This raw flesh tastes great!
The goblin closely misses you.
Okay, then.
You scratch the goblin.
You kill the goblin!
Casting: Sandblast (safe; 4% risk of failure)
Confirm with . or Enter, or press ? or * to list all spells.
Aiming: Sandblast (safe; 4% risk of failure)
Press: ? - help, Shift-Dir - straight line, f - sky beast
Aim: a sky beast The blast of sand misses the sky beast.
b - 61 stones The sky beast hits you.
The sky beast shocks you.
* * * LOW HITPOINT WARNING * * *
Casting: Sandblast (safe; 4% risk of failure)
Confirm with . or Enter, or press ? or * to list all spells.
Aiming: Sandblast (safe; 4% risk of failure)
Press: ? - help, Shift-Dir - straight line, f/p - sky beast
Aim: a sky beast The blast of sand hits the sky beast.
The sky beast is moderately wounded.
b - 60 stones The sky beast hits you but does no damage.
Casting: Sandblast (safe; 4% risk of failure)
Confirm with . or Enter, or press ? or * to list all spells.
Aiming: Sandblast (safe; 4% risk of failure)
Press: ? - help, Shift-Dir - straight line, f/p - sky beast
Aim: a sky beast (moderately wounded)
The blast of sand hits the sky beast!
The sky beast is heavily wounded.
b - 59 stones The sky beast hits you.
* * * LOW HITPOINT WARNING * * *
The sky beast shocks you.
* * * LOW HITPOINT WARNING * * *
Casting: Sandblast (safe; 4% risk of failure)
Confirm with . or Enter, or press ? or * to list all spells.
Aiming: Sandblast (safe; 4% risk of failure)
Press: ? - help, Shift-Dir - straight line, f/p - sky beast
Aim: a sky beast (heavily wounded)
The blast of sand hits the sky beast but does no damage.
The sky beast is heavily wounded.
b - 58 stones The sky beast hits you.
* * * LOW HITPOINT WARNING * * *
The sky beast shocks you.
You die...

#. #. #. .##
... #.# #)#
#Y# ##@##
##...##.#
#..#....#
#....####
#.#.## #.#.#
#########.#.#
..........#.#
########..#.#


You could see a sky beast.

Vanquished Creatures
  An adder (D:2)
  A leopard gecko (D:3)
  A giant cockroach (D:3)
  3 goblins (D:3)
  A hobgoblin (D:2)
  4 jackals (D:1)
  A bat (D:1)
  A frilled lizard (D:1)
  6 rats
19 creatures vanquished.

Notes
Turn   | Place    | Note
-------+----------+-------------------------------------------
     0 | D:1      | Amnesiac the Ghoul Earth Elementalist began the quest for
                  | the Orb.
     0 | D:1      | Reached XP level 1. HP: 14/14 MP: 2/2
   129 | D:1      | Reached XP level 2. HP: 16/20 MP: 0/3
   263 | D:2      | Reached skill level 4 in Earth Magic
   576 | D:3      | Learned a level 2 spell: Passwall
   611 | D:3      | Reached XP level 3. HP: 16/26 MP: 3/5
   642 | D:3      | Noticed a sky beast
   653 | D:3      | Slain by a sky beast

Levels and vault maps discovered:
D:1:      dpeg_arrival_shelter, layout_basic
D:2:      layout_loops_corners, grunt_dithmenos_smoke
D:3:      layout_loops_ring, nicolae_overflow_crystal_walls
D:4:      layout_gridville, kiku_gazebo_garden_becter,
          minmay_temple_entry_drinking_statues, first_ration,
          minmay_gold_behind_fungi, hangedman_decor_slide_cut,
          hangedman_decor_riveting, okawaru_trees_1, uniq_menkaure

Skill      XL: |  1  2 |
---------------+-------+-----
Spellcasting   | 2 |  2.2
Earth Magic    | 4 |  4.2
Dodging        | |  1.7
Stealth        | |  2.1
Transmutations | |  0.8

Action                   || total
-------------------------++-------
Melee: Unarmed           ||    93
Throw: Stone             ||     5
 Cast: Sandblast         ||     7
  Eat: Chunk             ||    15
Armor: Robe              ||     9
Dodge: Dodged            ||    75

Table legend:
 A = Non-vault XP
 B = Vault XP
 C = Vault XP percentage of total XP
 D = Non-vault monster count
 E = Vault monster count
 F = Vault count percentage of total count
                 A         B        C        D         E       F
            +---------+---------+-------+---------+---------+-------
      Total |      42 |       0 |   0.0 |      19 |       0 |   0.0
            +---------+---------+-------+---------+---------+-------
        D:1 |      13 |       0 |   0.0 |       9 |       0 |   0.0
        D:2 |      18 |       0 |   0.0 |       5 |       0 |   0.0
        D:3 |      11 |       0 |   0.0 |       5 |       0 |   0.0
            +---------+---------+-------+---------+---------+-------
